 Dungeon Crawl Stone Soup version 0.29-a0-359-g541a27f54d (webtiles) character file.

Game seed: 337393903196855068

2 Morbidden the Conjurer (level 1, 0/13 HPs)
             Began as a Demonspawn Conjurer on Apr 27, 2022.
             Slain by a jackal (1 damage)
             ... on level 1 of the Dungeon.
             The game lasted 00:00:09 (132 turns).

Morbidden the Conjurer (Demonspawn Conjurer)         Turns: 132, Time: 00:00:09

Health: 0/13       AC:  2    Str:  7    XL:     1   Next: 33%
Magic:  0/3        EV: 12    Int: 19    God:
Gold:   34         SH:  0    Dex: 11    Spells: 3/4 levels left

rFire   . . .      SeeInvis .   (no weapon)
rCold   . . .      Faith    .   (no shield)
rNeg    . . .      Spirit   .   a - +0 robe
rPois   .          Reflect  .   (no helmet)
rElec   .          Harm     .   (no cloak)
rCorr   .          Rampage  .   (no gloves)
Will    .....                   (no boots)
Stlth   ++........              (no amulet)
HPRegen 0.04/turn               (no ring)
MPRegen 0.08/turn               (no ring)

@: no status effects
A: no striking features
a: no special abilities


You were on level 1 of the Dungeon.
You visited 1 branch of the dungeon, and saw 1 of its levels.

You collected 34 gold pieces.

Inventory:

Armour
 a - a +0 robe (worn)
Scrolls
 c - a scroll of amnesia {unknown}
Potions
 b - a potion of magic


   Skills:
 * Level 1.7 Dodging
 + Level 1.7 Stealth
 * Level 2.1 Spellcasting
 * Level 4.0 Conjurations


You had 3 spell levels left.
You knew the following spells:

 Your Spells              Type           Power      Damage    Failure   Level
a - Magic Dart            Conj           68%        1d6       3%          1

Your spell library contained the following spells:

 Spells                   Type           Power      Damage    Failure   Level
 Searing Ray              Conj           34%        2d5       4%          2
 Dazzling Flash           Conj/Hex       18%        N/A       22%         3
 Fulminant Prism          Conj/Hex       4%         3d6       58%         4
 Iskenderun's Mystic Bla  Conj/Tloc      9%         2d4       58%         4


Dungeon Overview and Level Annotations

Branches:
Dungeon (1/15)

Altars:


Message History

Unknown command.
Casting: Magic Dart (safe; 3% risk of failure)
Confirm with . or Enter, or press ? or * to list all spells.
Aiming: Magic Dart (safe; 3% risk of failure)
Press: ? - help, Shift-Dir - straight line, f/p - jackal
Aim: a jackal (lightly wounded, 100% to hit)
The magic dart hits the jackal.
The jackal is moderately wounded.
Casting: Magic Dart (safe; 3% risk of failure)
Confirm with . or Enter, or press ? or * to list all spells.
Aiming: Magic Dart (safe; 3% risk of failure)
Press: ? - help, Shift-Dir - straight line, f/p - jackal
Aim: a jackal (moderately wounded, 100% to hit)
The magic dart hits the jackal.
The jackal is almost dead.
The jackal misses you.
Unknown command.
Unknown command.
The jackal attacks as you move away! The jackal bites you.
You see here a ball python corpse.
Unknown command.
You closely miss the jackal.
The jackal is almost dead.
The jackal bites you but does no damage. x2
You barely miss the jackal. The jackal barely misses you. The jackal bites you.
You closely miss the jackal. The jackal bites you. x2
The jackal closely misses you. x2
Unknown command.
You miss the jackal.
The jackal is almost dead.
The jackal bites you.
* * * LOW HITPOINT WARNING * * *
The jackal bites you.
* * * LOW HITPOINT WARNING * * *
Unknown command.
Unknown command.
You hit the jackal but do no damage.
The jackal is almost dead.
The jackal bites you.
You die...

#..# . .......###### #.# .
#............###.. ##.
#....(............ ..
#................. #.#
#.................
#..##.................
#.h#.................
#.#@.........####... .. #
#.hh.......##....##. ..##.
###.(.....#^.......#
...##.##........#......##..
..#...........#.....#....
#...##.#......#......<...
..#.##.#.......#.........
#....#.......#.........
#####.##........#........


You could see 2 jackals.

Vanquished Creatures
  A ball python (D:1)
  A bat (D:1)
2 creatures vanquished.

Notes
Turn   | Place    | Note
-------+----------+-------------------------------------------
     0 | D:1      | Morbidden the Demonspawn Conjurer began the quest for the
                  | Orb.
     0 | D:1      | Reached XP level 1. HP: 13/13 MP: 3/3
   132 | D:1      | Slain by a jackal

Illustrated notes

Levels and vault maps discovered:
D:1:      dpeg_arrival_solitude, layout_rooms, minmay_misc_feat_enclosed,
          minivault_5, serial_park_tiny_2

Action                   || total
-------------------------++-------
Melee: Unarmed           ||     5
 Cast: Magic Dart        ||     7
Armor: Robe              ||     2
Dodge: Dodged            ||     4

Table legend: (Time is in decaauts)
 A = Elapsed time spent in this place.
 B = Non-inter-level travel time spent in this place.
 C = Inter-level travel time spent in this place.
 D = Time resting spent in this place.
 E = Time spent auto-exploring this place.
 F = Levels seen in this place.
 G = Mean time per level.
                   A        B        C        D        E       F      G
               +--------+--------+--------+--------+--------+-----+--------+
         Total |    132 |    132 |      0 |      0 |    112 |   1 |  132.0 |
       Dungeon |    132 |    132 |      0 |      0 |    112 |   1 |  132.0 |
               +--------+--------+--------+--------+--------+-----+--------+

Top non-repeatable levels by time:
     D:1: 132 daAuts
